cohdb
Replays
Latest Replays
All Replays
Popular Replays
Top Player Replays
Match Explorer
How It Works
Community
CoH3 Stats
Reddit
Sign in to upload your games and track your stats! →
Sign in with Steam
Match 42234044
Unlisted
Match 42234044
Overview
Messages
Build Orders
End
Panzergrenadier Squad
Kradschützen Motorcycle Team
Panzergrenadier Squad
Construct Light Support Kompanie
MG34 Team
Fire Support Elements
Selects Armored Support Battlegroup
Selects Veteran Gunners
250 Light Carrier
Combat Half-tracks
Flakvierling Half-track
Selects Salvage Kits
Vehicle Survival Package
Pak 38 Anti-tank Gun Team
Pak 38 Anti-tank Gun Team
Construct Panzerarmee Kommand
2.5-tonne Medical Truck
Emergency Repair Kits
Walking Stuka Rocket Launcher
Dave
Chris P. Bacon
SuperAnchovy
Fookin' Laser Sights
Re:Re
HuaLim
0
0
Comments
sign in to comment!
No comments posted yet!